 Dungeon Crawl Stone Soup version 0.31-a0-256-g80acddb972 (webtiles) character file.

Game seed: 13631266339528759053

100 qw the Shooter (level 4, 0/27 HPs)
             Began as a Gargoyle Hexslinger on July 12, 2023.
             Slain by a water moccasin (3 damage)
             ... on level 3 of the Dungeon.
             The game lasted 00:00:29 (1258 turns).

qw the Shooter (Gargoyle Hexslinger)                Turns: 1258, Time: 00:00:29

Health: 0/27       AC:  7    Str: 12    XL:     4   Next: 74%
Magic:  5/5        EV: 11    Int: 13    God:
Gold:   90         SH:  0    Dex: 14    Spells: 4/5 levels left

rFire   . . .        Y - +1 sling
rCold   . . .        (no shield)
rNeg    + + .        e - +0 leather armour
rPois   inf          (no helmet)
rElec   +            h - +0 cloak
rCorr   .            (no gloves)
SInv    .            (no boots)
Will    .....        (no amulet)
Stlth   +            d - ring of positive energy
HPRegen 0.24/turn    (no ring)
MPRegen 0.09/turn

%: no passive effects
@: no status effects
A: sickness immunity, AC +3, negative energy resistance 1, electricity
resistance, torment resistance 1, petrification resistance
a: no special abilities


You were on level 3 of the Dungeon.
You visited 1 branch of the dungeon, and saw 4 of its levels.

You collected 90 gold pieces.


Innate Abilities, Weirdness & Mutations

You are immune to sickness and miasma.
Your stone body is resilient. (AC +3)
You are immune to poison.
You resist negative energy. (rN+)
You are resistant to electric shocks. (rElec)
You are resistant to unholy torment.
You are immune to petrification.


   Skills:
 - Level 2.3 Fighting
 + Level 4.3 Ranged Weapons
 - Level 1.5 Dodging
 - Level 1.0 Spellcasting
 - Level 2.6 Hexes


You had 4 spell levels left.
You knew the following spells:

 Your Spells              Type           Power      Damage    Failure   Level
a - Slow                  Hex            28%        N/A       12%         1

Your spell library contained the following spells:

 Spells                   Type           Power      Damage    Failure   Level
 Inner Flame              Hex/Fire       4%         N/A       52%         3
 Portal Projectile        Hex/Tloc       8%         N/A       52%         3
 Cause Fear               Hex            3%         N/A       75%         4

Inventory:

Hand Weapons
 Y - a +1 sling (weapon)
Armour
 e - a +0 leather armour (worn)
 h - a +0 cloak (worn)
Jewellery
 d - a ring of positive energy (left hand)
Potions
 a - a potion of attraction {unknown}
 b - a potion of heal wounds {unknown}
 i - a potion of might {unknown}

Dungeon Overview and Level Annotations

Branches:
Dungeon (4/15)
 Temple: D:4-7

Altars:


Message History

You shoot a sling bullet.
The sling bullet hits the water moccasin.
The water moccasin is moderately wounded.
The water moccasin closely misses you. The water moccasin bites you.
You shoot a sling bullet.
The sling bullet barely misses the water moccasin.
The water moccasin closely misses you.
You shoot a sling bullet.
The sling bullet closely misses the water moccasin.
The water moccasin bites you.
The water moccasin bites you but does no damage.
You shoot a sling bullet.
The sling bullet completely misses the water moccasin.
The water moccasin barely misses you. x2
You shoot a sling bullet.
The sling bullet barely misses the water moccasin.
The water moccasin bites you.
The water moccasin bites you but does no damage.
You shoot a sling bullet.
The sling bullet barely misses the water moccasin.
The water moccasin bites you.
You shoot a sling bullet.
The sling bullet completely misses the water moccasin.
The water moccasin bites you.
The water moccasin bites you but does no damage.
You shoot a sling bullet.
The sling bullet hits the water moccasin.
The water moccasin is heavily wounded.
The water moccasin misses you. The water moccasin barely misses you.
You shoot a sling bullet.
The sling bullet closely misses the water moccasin.
The water moccasin bites you.
You shoot a sling bullet.
The sling bullet closely misses the water moccasin.
The water moccasin barely misses you. The water moccasin misses you.
You shoot a sling bullet.
The sling bullet barely misses the water moccasin.
The water moccasin bites you but does no damage.
The water moccasin bites you.
You die...

###.####.##.#
.......>[.#.#
#.#.###...#.#
#...#.#
#...#.#
#...#.#
#...#.#
....#.#
#.#.#@#
......S.#
##..#.### ..
... .$. .....
##.# ..


You could see a water moccasin.

Vanquished Creatures
  A scorpion (D:4)
  An adder (D:2)
  2 ball pythons (D:1)
  2 endoplasms
  4 goblins
  3 hobgoblins
  9 jackals
  2 bats
  5 frilled lizards (D:1)
  2 kobolds (D:1)
  4 rats
35 creatures vanquished.

Notes
Turn   | Place    | Note
-------+----------+-------------------------------------------
     0 | D:1      | qw the Gargoyle Hexslinger began the quest for the Orb.
     0 | D:1      | Reached XP level 1. HP: 12/12 MP: 2/2
     0 | D:1      | 0 ||| qw: Version: 0.3-a-52-g30416fa
     0 | D:1      | 0 ||| qw: Game counter: 6754
     0 | D:1      | 0 ||| qw: Melee chars always use a shield: true
     0 | D:1      | 0 ||| qw: God list: Okawaru
     0 | D:1      | 0 ||| qw: Allow faded altars: false
     0 | D:1      | 0 ||| qw: Do Orc after clearing Dungeon:15 true
     0 | D:1      | 0 ||| qw: Do second Lair branch before Depths: true
     0 | D:1      | 0 ||| qw: Lair rune preference: random
     0 | D:1      | 0 ||| qw: Goals: Normal
     0 | D:1      | 0 ||| PLANNING D:1-11
    26 | D:1      | HP: 3/12 [frozen (3)]
    28 | D:1      | HP: 1/12 [frozen (1)]
   285 | D:1      | Reached XP level 2. HP: 16/16 MP: 3/3
   459 | D:1      | 459 ||| FLEEEEING.
   490 | D:1      | Reached skill level 3 in Ranged Weapons
   873 | D:1      | 873 ||| UPGRADING to +0 leather armour.
   883 | D:1      | 883 ||| DROPPING +0 robe.
   884 | D:1      | 884 ||| UPGRADING to +0 cloak.
   889 | D:1      | 889 ||| UPGRADING to ring of positive energy.
   890 | D:1      | 890 ||| READING scroll labelled OFUASAFAIP.
   891 | D:1      | 891 ||| READING scroll labelled LIADEAHITUL.
   892 | D:1      | 892 ||| DROPPING scroll of poison.
   961 | D:2      | Reached XP level 3. HP: 21/21 MP: 4/4
  1158 | D:2      | You fall into a shaft and drop 2 floors!
  1192 | D:4      | Noticed a scorpion
  1199 | D:4      | Killed a scorpion
  1200 | D:4      | Reached skill level 4 in Ranged Weapons
  1200 | D:4      | Reached XP level 4. HP: 22/27 MP: 5/5
  1225 | D:4      | 1225 ||| READING scroll labelled HEOGOIRUESK.
  1245 | D:3      | Noticed a water moccasin
  1256 | D:3      | HP: 2/27 [water moccasin (6)]
  1258 | D:3      | Slain by a water moccasin

Levels and vault maps discovered:
D:1:      lightli_arrival_quake, layout_basic, minmay_heptomino_w4
D:2:      layout_basic, shapermc_ecumenical_altar_pompeii
D:3:      layout_basic, xom_confusion_cloud, minmay_between
D:4:      layout_cave_pods, chequers_serial_rivers_micro_c

Skill      XL: |  1  2  3 |
---------------+----------+-----
Ranged Weapons | 3 4 |  4.3
Fighting       | 2 |  2.3
Dodging        | |  1.5
Spellcasting   | |  1.0
Hexes          | |  2.6

Action                     |  1- 3 |  4- 6 || total
---------------------------+-------+-------++-------
   Fire: Sling             |   111 |    13 ||   124
    Use: Scroll            |     2 |     1 ||     3
 Armour: Robe              |    17 |       ||    17
         Leather armour    |    19 |     5 ||    24
  Dodge: Dodged            |    51 |     9 ||    60

Table legend:
 A = Non-vault XP
 B = Vault XP
 C = Vault XP percentage of total XP
 D = Non-vault monster count
 E = Vault monster count
 F = Vault count percentage of total count
                 A         B        C        D         E       F
            +---------+---------+-------+---------+---------+-------
      Total |     139 |       5 |   3.5 |      31 |       4 |  11.4
            +---------+---------+-------+---------+---------+-------
        D:1 |      27 |       5 |  15.6 |      18 |       4 |  18.2
        D:2 |      33 |       0 |   0.0 |      12 |       0 |   0.0
        D:4 |      79 |       0 |   0.0 |       1 |       0 |   0.0
            +---------+---------+-------+---------+---------+-------
